 Dungeon Crawl Stone Soup version 0.30-b1-2-g02819fbbbe (webtiles) character file.

Game seed: 9853803903794815131

17 dorian the Chopper (level 2, 0/34 HPs)
             Began as a Formicid Gladiator on May 18, 2023.
             Slain by a gnoll
             ... wielding a +0 flail
              (2 damage)
             ... on level 2 of the Dungeon.
             The game lasted 00:01:16 (741 turns).

dorian the Chopper (Formicid Gladiator)              Turns: 741, Time: 00:01:16

Health: 0/34       AC: 21    Str: 18    XL:     2   Next: 80%
Magic:  2/2        EV:  2    Int:  7    God:
Gold:   56         SH:  0    Dex: 15    Spells: 1/1 levels left

rFire   + . .        a - +0 war axe
rCold   + . .        (no shield)
rNeg    . . .        b - melded +0 leather armour
rPois   +            (helmet unavailable)
rElec   +            (cloak currently unavailable)
rCorr   +            (gloves currently unavailable)
SInv    .            (boots currently unavailable)
Will    .....        (no amulet)
Stlth   +            (no ring)
HPRegen 0.25/turn    (no ring)
MPRegen 0.08/turn

%: no passive effects
@: tree-form (expiring), resistant, very slow
A: stationary, stasis, torment immunity, boosted hp, permanent stasis, dig
shafts and tunnels, (antennae 3), four strong arms
a: no special abilities


You were on level 2 of the Dungeon.
You were a tree.
You visited 1 branch of the dungeon, and saw 2 of its levels.

You collected 56 gold pieces.

Inventory:

Hand Weapons
 a - a +0 war axe (weapon)
Missiles
 c - 3 throwing nets (quivered)
 d - a javelin
 f - 3 datura-tipped darts
 n - 5 silver boomerangs
Armour
 b - a +0 leather armour (melded)
Scrolls
 l - 2 scrolls of identify
 m - a scroll of enchant weapon {unknown}
Potions
 e - a potion of curing
 h - a potion of heal wounds {unknown}
 i - a potion of resistance
 o - a potion of attraction {unknown}


   Skills:
 + Level 2.6 Fighting
 * Level 3.6 Axes
 - Level 2.0 Throwing
 - Level 2.6 Dodging


You had one spell level left.
You didn't know any spells.
Your spell library was empty.

Dungeon Overview and Level Annotations

Branches:
Dungeon (2/15)

Altars:

Shops:
D:1 (

Annotations:
D:2 Terence


Innate Abilities, Weirdness & Mutations

You are a tree.
Your roots penetrate the ground, keeping you stationary.
You cannot be teleported.
You are immune to unholy pain and torment.
Your maximum health is greatly increased.
Your equipment is partially melded.
You cannot be hasted, slowed, berserked, paralysed or teleported.
You can dig through walls and to a lower floor.
((You have a pair of large antennae on your head. (SInv)))
Your four strong arms can wield two-handed weapons with a shield.


Message History

You kill the ball python!
You hit Terence. Terence hits you but does no damage.
The gnoll hits you from afar with a +0 halberd!
The gnoll hits you from afar with a +0 halberd.
Terence hits you but does no damage.
A gnoll comes into view. It is wielding a +0 flail.
You cannot move.
You barely miss Terence.
Terence is moderately wounded.
Your transformation is almost over.
Terence hits you with a +0 short sword. The gnoll hits you but does no damage.
You closely miss Terence.
Terence is moderately wounded.
Terence hits you but does no damage.
The gnoll hits you from afar with a +0 halberd.
You closely miss Terence.
Terence is moderately wounded.
Terence hits you with a +0 short sword.
* * * LOW HITPOINT WARNING * * *
The gnoll hits you but does no damage. x3; Terence hits you but does no damage.
Unknown command.
It was a potion of resistance.
You feel protected. The gnoll hits you but does no damage.
The gnoll hits you from afar with a +0 halberd.
* * * LOW HITPOINT WARNING * * *
Terence hits you but does no damage.
Okay, then.
As you read the scroll labelled GYKAEM KAAN, it crumbles to dust.
You feel a surge of unholy energy.
Terence convulses!
The gnoll convulses! x3
It was a scroll of torment.
The gnoll hits you but does no damage. x2
Terence hits you but does no damage.
As you read the scroll labelled UPNEYPIPP, it crumbles to dust.
Your stasis prevents you from teleporting.
It was a scroll of blinking.
The gnoll hits you with a +0 flail.
* * * LOW HITPOINT WARNING * * *
The gnoll hits you but does no damage. x2; Terence hits you but does no damage.
It was a potion of flight.
Your roots keep you in place.
The gnoll hits you with a +0 flail.
You die...

# #.### ......###
.#.....# ......#
#.....# ####
##.~~$.###....
#####g)$_~........
.....g@♣~~...<...
#...#.g..........
#. ##......#... ..
#.###..#.. ...##.
#†.#.. .....
#......###>.#.#
.#..
#..##......#.###...
#..........#.##...
##.###.#####.##.. {


You could see Terence and 3 gnolls.

Vanquished Creatures
  3 ball pythons
  An endoplasm (D:1)
  4 goblins
  A hobgoblin (D:1)
  3 quokkas (D:1)
  A bat (D:1)
  A frilled lizard (D:1)
  A rat (D:2)
15 creatures vanquished.

Notes
Turn   | Place    | Note
-------+----------+-------------------------------------------
     0 | D:1      | dorian the Formicid Gladiator began the quest for the Orb.
     0 | D:1      | Reached XP level 1. HP: 16/16 MP: 1/1
    92 | D:1      | Found Jumearra's Weapon Shoppe.
   236 | D:1      | Reached XP level 2. HP: 23/23 MP: 2/2
   720 | D:2      | Found a faded altar of an unknown god.
   727 | D:2      | Noticed Terence
   740 | D:2      | HP: 1/34 [gnoll/+0 flail (4)]
   741 | D:2      | Slain by a gnoll

Illustrated notes

Levels and vault maps discovered:
D:1:      saegor_arrival_simple_e, layout_loops_ring, serial_shops,
          nicolae_shop_tiny_statue_garden
D:2:      layout_loops_ring, hellmonk_ecumenical_altar_pennies_from_heaven,
          minmay_bisected, uniq_terence, uniq_robin, uniq_natasha,
          uniq_crazy_yiuf_cottage

Action                     || total
---------------------------++-------
  Melee: War axe           ||    41
         Punch             ||     1
    Use: Scroll            ||     4
         Potion            ||     2
   Stab: Sleeping          ||     1
 Armour: Leather armour    ||     5
         Skin              ||    26
  Dodge: Dodged            ||    24
